 Dungeon Crawl Stone Soup version 0.22-a0-618-gd6a3efe (webtiles) character file.

42 Amnesiac the Magician (level 3, -2/24 HPs)
             Began as a Mummy Earth Elementalist on July 14, 2018.
             Slain by a worker ant (6 damage)
             ... on level 4 of the Dungeon.
             The game lasted 00:01:16 (333 turns).

Amnesiac the Magician (Mummy Earth Elementalist)     Turns: 333, Time: 00:01:17

Health: -2/24      AC:  2    Str: 11    XL:     3   Next: 33%
Magic:  0/7        EV: 12    Int: 15    God:
Gold:   7          SH:  0    Dex: 12    Spells: 5/8 levels left

rFire    x . .     SeeInvis .   d - +0 falchion
rCold    + . .     Gourm    .   (no shield)
rNeg     + + +     Faith    .   c - +0 robe
rPois    ∞         Spirit   .   (no helmet)
rElec    .         Reflect  .   (no cloak)
rCorr    .         Harm     .   (no gloves)
MR       .....                  (no boots)
Stlth    ++........             (no amulet)
HPRegen  0.08/turn              (no ring)
MPRegen  0.10/turn              (no ring)

@: very slightly contaminated
A: no food or potions, fire vulnerability, cold resistance 1, negative energy
resistance 3, torment resistance, unbreathing
a: no special abilities


You were on level 4 of the Dungeon.
You were not hungry.

You visited 1 branch of the dungeon, and saw 5 of its levels.

You collected 7 gold pieces.

Inventory:

Hand Weapons
 d - a +0 falchion (weapon)
Missiles
 b - 21 stones
 e - 3 poisoned tomahawks (quivered)
Armour
 c - a +0 robe (worn)
 f - a +0 plate armour
Scrolls
 a - a scroll of blinking {!r, unknown}
 g - a scroll of fear {!r, unknown}


   Skills:
 - Level 1.5 Dodging
 - Level 1.5 Stealth
 + Level 3.3 Spellcasting
 - Level 0.7 Transmutations
 * Level 3.3 Earth Magic


You had 5 spell levels left.
You knew the following spells:

 Your Spells              Type           Power        Failure   Level  Hunger
a - Sandblast             Erth           ##....       4%          1    N/A
b - Passwall              Tmut/Erth      #.......     13%         2    N/A

Your spell library contained the following spells:

 Spells                   Type           Power        Failure   Level  Hunger
 Stone Arrow              Conj/Erth      #.....       28%         3    N/A
 Lee's Rapid Deconstruct  Erth           ##........   80%         5    N/A
 Petrify                  Tmut/Erth      #.......     63%         4    N/A

Dungeon Overview and Level Annotations

Branches:
Dungeon (5/15)
 Temple: D:4-7

Altars:
Okawaru
Ru


Innate Abilities, Weirdness & Mutations

You do not eat or drink.
Your flesh is vulnerable to fire.
You are immune to poison.
Your flesh is cold resistant. (rC+)
You are immune to negative energy. (rN+++)
You are immune to unholy pain and torment.
You can survive without breathing.


Message History

You have reached level 3!
Your experience leads to an increase in your attributes!
Increase (S)trength, (I)ntelligence, or (D)exterity?
You feel clever.
b - 24 stones
Things that are here:
a dagger; a robe A worker ant comes into view.
The worker ant twitches its antennae in your direction.
The worker ant moves out of view.
Found a smoky white potion.
Found 12 gold pieces.
Found a sacrificial altar of Ru.
You start resting.
The worker ant closely misses you.
You riposte.
You hit the worker ant but do no damage.
A worker ant is nearby!
Casting: Sandblast (safe; 4% risk of failure)
Confirm with . or Enter, or press ? or * to list all spells.
Aiming: Sandblast (safe; 4% risk of failure)
Press: ? - help, Shift-Dir - straight line, f - worker ant
Aim: a worker ant You miscast Sandblast.
You are very lightly contaminated with residual magic.
Motes of dust swirl before your eyes. The worker ant bites you.
* * * LOW HITPOINT WARNING * * *
Casting: Sandblast (safe; 4% risk of failure)
Confirm with . or Enter, or press ? or * to list all spells.
Aiming: Sandblast (safe; 4% risk of failure)
Press: ? - help, Shift-Dir - straight line, f/p - worker ant
Aim: a worker ant The blast of sand misses the worker ant.
b - 23 stones The worker ant bites you.
* * * LOW HITPOINT WARNING * * *
Casting: Sandblast (safe; 4% risk of failure)
Confirm with . or Enter, or press ? or * to list all spells.
Aiming: Sandblast (safe; 4% risk of failure)
Press: ? - help, Shift-Dir - straight line, f/p - worker ant
Aim: a worker ant The blast of sand hits the worker ant.
b - 22 stones The worker ant misses you.
You riposte.
You hit the worker ant.
The worker ant is lightly wounded.
Casting: Sandblast (safe; 4% risk of failure)
Confirm with . or Enter, or press ? or * to list all spells.
Aiming: Sandblast (safe; 4% risk of failure)
Press: ? - help, Shift-Dir - straight line, f/p - worker ant
Aim: a worker ant (lightly wounded)
The blast of sand hits the worker ant.
The worker ant is lightly wounded.
b - 21 stones The worker ant bites you.
* * * LOW HITPOINT WARNING * * *
Casting: Sandblast (safe; 4% risk of failure)
Confirm with . or Enter, or press ? or * to list all spells.
You don't have enough magic to cast that spell.
Casting: Sandblast (safe; 4% risk of failure)
Confirm with . or Enter, or press ? or * to list all spells.
You don't have enough magic to cast that spell.
A hound comes into view.
The hound barks! x2; You hear a bark! x2
The worker ant bites you but does no damage.
The worker ant bites you.
You die...

#.# #.# #.# ###
#.################...
#>.>.................
#)###########..#.##.#
#.### ######...#...
#...## #.!..........
#.#a@# #.#####...._.
...##.# #......
....##...# #..#...
##.###..hh.# ##.##.#
#. #.......# #..... #
....._..... ##..[.
..#.....!.### #.###
#.###...$.## #..†. #.
##...## #####


You could see 2 hounds and a worker ant.

Vanquished Creatures
  An orc wizard (D:4)
  A worm (D:3)
  3 orcs (D:4)
  A goblin (D:3)
  A hobgoblin (D:3)
7 creatures vanquished.

Notes
Turn   | Place    | Note
-------+----------+-------------------------------------------
     0 | D:1      | Amnesiac the Mummy Earth Elementalist began the quest for the Orb.
     0 | D:1      | Reached XP level 1. HP: 13/13 MP: 4/4
    25 | D:2      | Noticed a hound
    62 | D:4      | Noticed a hound
   128 | D:3      | Reached XP level 2. HP: 19/19 MP: 0/5
   139 | D:3      | Learned a level 2 spell: Passwall
   291 | D:4      | Found an iron altar of Okawaru.
   316 | D:5      | Entered Level 5 of the Dungeon
   320 | D:4      | Reached XP level 3. HP: 14/24 MP: 3/7
   324 | D:4      | Found a sacrificial altar of Ru.
   333 | D:4      | Slain by a worker ant

Vault maps used:
D:1:      minmay_arrival_three_doors
D:3:      nicolae_overflow_crystal_walls
D:4:      okawaru_gym_becter, old_standard_altar, lemuel_round_altar,
          first_ration, tgw_sif
D:5:      fedhas_altar_3

Skill      XL: |  1  2 |
---------------+-------+-----
Spellcasting   | 3 |  3.3
Earth Magic    | 3 |  3.3
Dodging        | |  1.5
Stealth        | |  1.5
Transmutations | |  0.7

Action                   || total
-------------------------++-------
Melee: Falchion          ||     1
Throw: Tomahawk          ||     2
 Cast: Sandblast         ||    18
Armor: Robe              ||     1
Dodge: Dodged            ||     9
       Rpst.: Falchion   ||     3

Table legend:
 A = Spawn XP
 B = Non-spawn XP
 C = Spawn XP percentage of total XP
 D = Spawn monster count
 E = Non-spawn monster count
 F = Spawn count percentage of total count
 G = Total turns spent on level
                    A         B        C        D         E        F      G
               +---------+---------+-------+---------+---------+-------+---------
         Total |       0 |      60 |   0.0 |       0 |       7 |   0.0 |   333
               +---------+---------+-------+---------+---------+-------+---------
           D:3 |       0 |       9 |   0.0 |       0 |       3 |   0.0 |   110
           D:4 |       0 |      51 |   0.0 |       0 |       4 |   0.0 |   195
               +---------+---------+-------+---------+---------+-------+---------
